 Dungeon Crawl Stone Soup version 0.17.0-27-g4a3f43e (console) character file.

2029 gw the Basher (level 9, 0/71 HPs)
             Began as a Formicid Berserker on Nov 22, 2015.
             Was an Elder of Trog.
             Slain by a worker ant (2 damage)
             ... on level 10 of the Dungeon.
             The game lasted 00:08:02 (8460 turns).

gw the Basher (Formicid Berserker)                  Turns: 8460, Time: 00:08:02

Health: 0/71       AC: 13    Str: 21    XL:     9   Next: 47%
Magic:  9/9        EV:  7    Int:  8    God:    Trog [****..]
Gold:   217        SH:  7    Dex: 13    Spells: 0 memorised, 8 levels left

rFire  . . .     SeeInvis +     b - +1 great mace
rCold  . . .     Clarity  .     a - +0 plate armour
rNeg   . . .     SustAt   .     d - +2 buckler
rPois  .         Gourm    .     (helmet unavailable)
rElec  .         Spirit   .     f - +0 cloak
rCorr  .         Warding  .     (no gloves)
rMut   .         Stasis   +     (no boots)
MR     ++...                    (no amulet)
Stlth  ..........               (no ring)
                                (no ring)

@: lethally poisoned (0 -> -3), regenerating, very resistant to hostile
enchantments, extremely unstealthy
A: permanent stasis, dig shafts and tunnels, four strong arms, antennae 3
a: Dig, Shaft Self, Trog's Hand, Brothers in Arms, Burn Spellbooks, Renounce
Religion


You were on level 10 of the Dungeon.
You worshipped Trog.
Trog was greatly pleased with you.
You were not hungry.

You visited 1 branch of the dungeon, and saw 8 of its levels.

You collected 217 gold pieces.

Inventory:

Hand Weapons
 b - a +1 great mace (weapon)
Missiles
 i - 173 stones (quivered)
 p - 23 poisoned needles
 u - 8 curare-tipped needles
 C - 2 javelins
Armour
 a - a +0 plate armour (worn)
 d - a +2 buckler (worn)
 f - a +0 cloak (worn)
Wands
 h - a wand of polymorph (12)
 m - a wand of digging (11)
 q - a wand of random effects (16)
 t - a wand of disintegration (12)
 v - a wand of magic darts (0)
 A - a wand of draining (5)
Scrolls
 e - 9 scrolls of identify
 g - 3 scrolls of remove curse
 o - 2 scrolls of fog
 r - 2 scrolls of recharging
Potions
 k - a potion of resistance
 l - a potion of brilliance
Books
 w - a book of Minor Magic

   Spells                             Type                      Level
   a - Magic Dart                     Conjuration                  1
   b - Blink                          Translocation                2
   c - Call Imp                       Summoning                    2
   d - Repel Missiles                 Charms/Air                   2
   e - Slow                           Hexes                        2
   f - Conjure Flame                  Conjuration/Fire             3
   g - Mephitic Cloud                 Conjuration/Poison/Air       3
   Trog disapproves of the use of such an item.
 y - a book of Death

   Spells                             Type                      Level
   a - Corpse Rot                     Necromancy                   2
   b - Sublimation of Blood           Necromancy                   2
   c - Agony                          Necromancy                   5
   d - Dispel Undead                  Necromancy                   5
   e - Excruciating Wounds            Charms/Necromancy            5
   f - Bolt of Draining               Conjuration/Necromancy       5
   Trog disapproves of the use of such an item.
Comestibles
 c - 3 bread rations
 j - 5 meat rations
 n - 3 fruits
 s - 2 slices of pizza
 x - a royal jelly
 z - a beef jerky


   Skills:
 + Level 6.6 Fighting
 * Level 8.0 Maces & Flails
 + Level 3.5 Throwing
 + Level 5.7 Armour
 - Level 1.7 Dodging
 + Level 3.9 Shields


You had 8 spell levels left.
You didn't know any spells.

Dungeon Overview and Level Annotations

Branches:
Dungeon (10/15)
 Temple: D:4-7         Lair: D:8-11         Orc: D:9-12

Altars:
Kikubaaqudgha
Makhleb
The Shining One

Annotations:
D:3 exclusion: downstairs


Innate Abilities, Weirdness & Mutations

You are under a permanent stasis effect.
You can dig through walls and to a lower floor.
Your four strong arms can wield two-handed weapons with a shield.
You have a pair of large antennae on your head (SInv).


Message History

ATTACKING (0,-1)
You thump the soldier ant!
The soldier ant is severely wounded.
You feel sick.
The soldier ant stings you but does no damage.
The soldier ant closely misses you. You block the soldier ant's attack.
A worker ant comes into view.
Your skin crawls.
You feel resistant to hostile enchantments.
You are feeling hungry.
You feel sick.
The soldier ant stings you but does no damage.
The soldier ant stings you!
Eat a chunk of flesh? (ye/n/q/i?) This raw flesh tastes terrible.
You feel sick. The soldier ant stings you.
You are lethally poisoned!
The soldier ant poisons you!
The soldier ant stings you but does no damage.
The worker ant bites you.
You die...

####..# #.
##...... . #
#......#{ . ..
###.>....#
.#...
.........##..{{
#.....#....#
...#......#
#..%..aa##
>....#.#a#{
.......##a#
..###.. #.# .
##. ## .. { ..
.. {


You could see 2 soldier ants and a worker ant.

Table legend:
 A = Turns spent in this place as a percentage of turns spent in the entire game.
 B = Non-inter-level travel turns spent in this place as a percentage of non-inter-level travel turns spent in the entire game.
 C = Inter-level travel turns spent in this place as a percentage of turns spent in this place.
 D = Turns resting spent in this place as a percentage of non-inter-level travel turns spent in this place.
 E = Turns spent auto-exploring this place as a percentage of non-inter-level travel turns spent in this place.
 F = Non-inter-level travel turns spent in this place divided by the number of levels of this place that you've seen.
                   A       B       C       D       E      F
               +-------+-------+-------+-------+-------+----------------------
         Total | 100.0 | 100.0 |   0.5 |   1.0 |   2.5 | 1370.6
       Dungeon | 100.0 | 100.0 |   0.5 |   1.0 |   2.5 | 1370.6
               +-------+-------+-------+-------+-------+----------------------

Table legend:
 A = Kills in this place as a percentage of kills in entire the game.
 B = Kills by you in this place as a percentage of kills by you in the entire game.
 C = Kills by friends in this place as a percentage of kills by friends in the entire game.
 D = Other kills in this place as a percentage of other kills in the entire game.
 E = Experience gained in this place as a percentage of experience gained in the entire game.
 F = Experience gained in this place divided by the number of levels of this place that you have seen.
                   A       B       C       D       E      F
               +-------+-------+-------+-------+-------+----------------------
         Total | 100.0 | 100.0 |  -nan | 100.0 | 100.0 | 362.4
       Dungeon | 100.0 | 100.0 |  -nan | 100.0 | 100.0 | 362.4
               +-------+-------+-------+-------+-------+----------------------

Vanquished Creatures
  The ghost of jw the Covert, a novice OpBe of Trog (D:6)
  Grinder (D:4)
  A hippogriff (D:7)
  The ghost of oshikia the Insei, an amateur DsMo (D:3)
  2 phantoms
  2 centaurs (D:5)
  The ghost of gw the Scratcher, an amateur FeMo of Okawaru (D:4)
  A scorpion (D:4)
  A crimson imp (D:6)
  A giant frog skeleton (D:4)
  A centaur skeleton (D:5)
  A hound (D:7)
  5 orc wizards
  3 orc priests
  6 worker ants
  Terence (D:2)
  Natasha (thrice) (D:3)
  Robin (D:2)
  12 adders
  A shadow imp (D:6)
  An ooze (D:1)
  An adder skeleton (D:5)
  3 worms
  5 giant geckos
  8 orcs
  5 giant cockroaches
  22 goblins
  5 hobgoblins
  4 jackals
  9 kobolds
  2 quokkas
  2 ball pythons
  6 bats
  5 giant newts
  10 rats
134 creatures vanquished.

Vanquished Creatures (others)
  An orc wizard (D:5)
1 creature vanquished.

Grand Total: 135 creatures vanquished

Notes
Turn   | Place    | Note
--------------------------------------------------------------
     0 | D:1      | gw the Formicid Berserker began the quest for the Orb.
     0 | D:1      | Reached XP level 1. HP: 18/18 MP: 1/1
   357 | D:1      | Reached XP level 2. HP: 24/24 MP: 2/2
  1148 | D:1      | Reached XP level 3. HP: 21/30 MP: 3/3
  1199 | D:1      | Reached ** piety under Trog
  1563 | D:1      | Reached skill level 4 in Fighting
  1563 | D:1      | Reached XP level 4. HP: 33/37 MP: 4/4
  1572 | D:1      | Reached skill level 1 in Throwing
  1840 | D:1      | Gained mutation: You are somewhat resistant to further mutation. [potion of beneficial mutation]
  1846 | D:1      | Lost mutation: You are somewhat resistant to further mutation. [potion of cure mutation]
  1876 | D:1      | Reached XP level 5. HP: 42/42 MP: 5/5
  3238 | D:2      | Noticed Robin
  3257 | D:2      | Reached *** piety under Trog
  3267 | D:2      | Killed Robin
  3427 | D:2      | Noticed Terence
  3434 | D:2      | Killed Terence
  3506 | D:2      | Reached XP level 6. HP: 49/49 MP: 6/6
  3511 | D:2      | Found a burning altar of Makhleb.
  4375 | D:3      | Noticed Natasha
  4379 | D:3      | Noticed oshikia's ghost (amateur DsMo)
  4385 | D:3      | Killed Natasha
  4385 | D:3      | Reached skill level 5 in Maces & Flails
  4387 | D:3      | Killed oshikia's ghost
  4387 | D:3      | Reached XP level 7. HP: 26/55 MP: 7/7
  4459 | D:3      | Reached skill level 5 in Fighting
  4566 | D:3      | Noticed Natasha
  4578 | D:3      | Killed Natasha
  5049 | D:3      | Noticed Natasha
  5063 | D:3      | Killed Natasha
  5276 | D:4      | Noticed gw's ghost (amateur FeMo)
  5489 | D:4      | Killed gw's ghost
  5642 | D:4      | Noticed Grinder
  5674 | D:4      | Killed Grinder
  5674 | D:4      | Reached skill level 6 in Maces & Flails
  5674 | D:4      | Reached skill level 1 in Shields
  5674 | D:4      | Reached XP level 8. HP: 60/63 MP: 8/8
  6327 | D:5      | Entered Level 5 of the Dungeon
  6643 | D:5      | Found a glowing golden altar of the Shining One.
  7558 | D:6      | Reached skill level 7 in Maces & Flails
  7592 | D:6      | Found an ancient bone altar of Kikubaaqudgha.
  7888 | D:6      | Reached skill level 5 in Armour
  7916 | D:6      | Noticed jw's ghost (novice OpBe)
  7925 | D:6      | Killed jw's ghost
  7925 | D:6      | Reached XP level 9. HP: 62/70 MP: 9/9
  8000 | D:6      | Reached **** piety under Trog
  8401 | D:7      | Reached skill level 8 in Maces & Flails
  8440 | D:7      | You fall through a shaft for 3 floors!
  8440 | D:10     | Entered Level 10 of the Dungeon
  8460 | D:10     | HP: 2/71 [soldier ant (3)]
  8460 | D:10     | Slain by a worker ant

Action                   |  1- 3 |  4- 6 |  7- 9 || total
-------------------------+-------+-------+-------++-------
Melee: Mace              |    93 |    67 |   118 ||   278
       Whip              |       |   100 |       ||   100
       Great mace        |       |       |   118 ||   118
Throw: Stone             |    37 |    49 |    55 ||   141
       Javelin           |       |    34 |    35 ||    69
Invok: Trog's Hand       |       |     1 |     6 ||     7
Evoke: Wand              |       |     3 |     8 ||    11
  Use: Scroll            |       |     8 |     7 ||    15
       Potion            |       |     7 |     3 ||    10
 Stab: Sleeping          |     1 |       |       ||     1
  Eat: Chunk             |     2 |     9 |    11 ||    22
       Beef jerky        |       |       |     2 ||     2
       Fruit             |       |       |     1 ||     1

Vault maps used:
D:1:      minmay_arrival_four_loops
D:2:      marbit_many_paths, uniq_robin, uniq_terence
D:3:      uniq_natasha
D:4:      uniq_grinder
D:5:      old_standard_altar, first_bread
D:6:      old_standard_altar
D:7:      overflow_temple_1_default, kennysheep_mini_moat,
          minmay_temple_entry_mist
D:10:     grunt_livestock, minmay_another_anthill, uniq_gastronok, uniq_sonja,
          uniq_psyche
